AoeStats
← bogelund

Arabia

510974994Analyzed
1v1 RM · 8h ago on Oct 3, 2026· 92m 11s· 2 players
Game mode
Random Map
Map size
Tiny (2 player)
Population
200
Speed
Normal
Resources
Standard
Victory
Conquest
Starting age
Dark Age
Ending age
Imperial Age
RankedLock teamsTeams togetherTeam positionsShared explorationLock speedFull tech treeHidden civsTurbo modeCheats
Victory
Defeat
🇦🇺 Vikings · Australia
450
+20
🇷🇴 Saracens · Romania
546
-20
oggie_20
0:29 Loom
12:28 Feudal Age
12:54 Town Watch
12:56 Double-Bit Axe
12:53 Horse Collar
17:11 Gold Mining
17:54 Man-at-Arms
18:20 Arson
18:47 Stone Mining
27:22 Castle Age
27:26 Pikeman
27:28 Long Swordsman
27:42 Crossbowman
27:48 Crossbowman
27:49 Elite Skirmisher
30:00 Forging
29:51 Scale Mail Armor
29:56 Scale Barding Armor
29:42 Fletching
29:52 Padded Archer Armor
29:55 Town Patrol
31:14 Bow Saw
31:41 Gold Shaft Mining
31:08 Heavy Plow
34:13 Chieftains
36:17 Squires
44:11 Iron Casting
43:51 Chain Mail Armor
43:57 Chain Barding Armor
43:32 Bodkin Arrow
43:53 Leather Archer Armor
48:03 Imperial Age
46:06 Masonry
46:16 Masonry
49:25 Fervor
51:31 Crop Rotation
52:05 Two-Man Saw
52:58 Chemistry
51:49 Elite Berserk
53:46 Hoardings
54:33 Two-Handed Swordsman
58:24 Champion
59:20 Elite Varangian Guard
64:36 Arbalester
76:23 Blast Furnace
75:54 Plate Mail Armor
75:24 Bracer
76:06 Ring Archer Armor
78:08 Light Cavalry
83:37 Capped Ram
85:29 Siege Ram
bogelund
1:09 Loom
11:10 Feudal Age
19:10 Castle Age
17:15 Horse Collar
18:41 Double-Bit Axe
21:57 Forging
22:41 Scale Barding Armor
24:48 Arson
25:54 Fletching
26:05 Padded Archer Armor
30:31 Wheelbarrow
33:46 Iron Casting
33:24 Heavy Plow
34:28 Bow Saw
35:12 Stone Mining
36:56 Chain Barding Armor
37:15 Gold Mining
38:23 Hand Cart
38:51 Bodkin Arrow
38:58 Padded Archer Armor
39:11 Husbandry
42:58 Imperial Age
42:50 Leather Archer Armor
45:38 Gold Shaft Mining
46:17 Two-Man Saw
46:33 Ring Archer Armor
47:05 Chemistry
45:51 Arrowslits
46:27 Ballistics
47:47 Bracer
53:33 Elite Mameluke
55:50 Hoardings
58:17 Counterweights
58:20 Heavy Camel Rider
60:36 Conscription
67:29 Murder Holes
67:44 Masonry
69:40 Capped Ram
71:50 Bloodlines
71:01 Light Cavalry
71:21 Siege Ram
74:15 Onager
74:29 Hussar
77:11 Onager
79:12 Blast Furnace
78:48 Plate Barding Armor
78:22 Siege Ram
79:45 Siege Engineers
83:38 Elite Skirmisher
85:20 Scale Mail Armor
Connection lost

Rejoining the realm…

Still unreachable

The connection could not be restored.

Session expired

The server has moved on; the page needs a fresh start.